 Dungeon Crawl Stone Soup version 0.31.0-12-g77e489cdc1 (webtiles) character file.

Game seed: 9344412858490360993

14 Curundu the Chopper (level 2, -1/27 HPs)
             Began as a Minotaur Berserker on Feb 19, 2024.
             Was a Follower of Trog.
             Slain by a goblin
             ... wielding a +0 dagger
              (4 damage)
             ... on level 1 of the Dungeon.
             The game lasted 00:00:45 (339 turns).

Curundu the Chopper (Minotaur Berserker)             Turns: 339, Time: 00:00:45

Health: -1/27      AC:  2    Str: 21    XL:     2   Next: 27%
Magic:  1/1        EV: 12    Int:  4    God:    Trog [*.....]
Gold:   39         SH:  0    Dex:  9    Spells: 1/1 levels left

rFire   . . .        a - +0 hand axe
rCold   . . .        (no shield)
rNeg    . . .        b - +0 animal skin
rPois   .            (helmet restricted)
rElec   .            (no cloak)
rCorr   .            (no gloves)
SInv    .            (no boots)
Will    .....        (no amulet)
Stlth   +            (no ring)
HPRegen 0.24/turn    (no ring)
MPRegen 0.07/turn

%: no passive effects
@: no status effects
A: horns 2, retaliatory headbutt
a: Renounce Religion, Berserk


You were on level 1 of the Dungeon.
You worshipped Trog.
Trog was aware of your devotion.
You visited 1 branch of the dungeon, and saw 1 of its levels.

You collected 39 gold pieces.

Inventory:

Hand Weapons
 a - a +0 hand axe (weapon)
Armour
 b - a +0 animal skin (worn)
Potions
 c - 2 potions of invisibility {unknown}
 d - a potion of mutation {unknown}
 e - a potion of degeneration {unknown}


   Skills:
 + Level 3.9 Fighting
 + Level 4.1 Axes
 + Level 2.6 Armour
 + Level 2.3 Dodging


You had one spell level left.
You didn't know any spells.
Your spell library was empty.

Dungeon Overview and Level Annotations

Branches:
Dungeon (1/15)

Altars:


Innate Abilities, Weirdness & Mutations

You have a pair of horns on your head.
You reflexively headbutt those who attack you in melee.


Message History

The jackal misses you.
You barely miss the jackal. Your headbutt misses the jackal.
The jackal is heavily wounded.
You closely miss the jackal.
The jackal bites you but does no damage.
The jackal barely misses you. The jackal bites you.
The jackal barely misses you.
You hit the jackal but do no damage.
The jackal is moderately wounded.
You barely miss the jackal. The jackal closely misses you.
You furiously retaliate!
You headbutt the jackal, but do no damage.
The jackal bites you but does no damage.
You barely miss the jackal.
The jackal is moderately wounded.
You miss the jackal. The jackal closely misses you. The jackal bites you.
The jackal closely misses you. The jackal barely misses you.
You hit the jackal.
The jackal is almost dead.
You hit the jackal. The jackal bites you.
* * * LOW HITPOINT WARNING * * *
The jackal bites you but does no damage.
You hit the jackal but do no damage. Your headbutt misses the jackal.
The jackal is almost dead.
You hit the jackal.
You kill the jackal!
Trog accepts your kill. The jackal barely misses you. x2
You barely miss the jackal.
The jackal is almost dead.
You closely miss the goblin. The jackal bites you.
* * * LOW HITPOINT WARNING * * *
The goblin hits you with a +0 dagger.
* * * LOW HITPOINT WARNING * * *
You closely miss the jackal.
The jackal is severely wounded.
You closely miss the goblin. The jackal bites you.
* * * LOW HITPOINT WARNING * * *
The goblin hits you with a +0 dagger.
You die...

#.......# ... #.......#
... #....)..### ....
#....)....† h.##
##.######.(. ... #..#
#.## #.## #.######..##
#gh#####.#......###
#@†.......##### # ...
#######....####### #.#
###............# #.#
###.......###..... #.#
#...##..#####..... #.#
##..##.###.<######. #.#
##†.##.##...##8## #.
#.####..##.##.####...###.
#.##....#.##.##...###.###


You could see a jackal and a goblin.

Vanquished Creatures
  2 bats (D:1)
  An endoplasm (D:1)
  3 jackals (D:1)
  A quokka (D:1)
  2 ball pythons (D:1)
  2 frilled lizards (D:1)
  A goblin (D:1)
  A kobold (D:1)
13 creatures vanquished.

Notes
Turn   | Place    | Note
-------+----------+-------------------------------------------
     0 | D:1      | Curundu the Minotaur Berserker began the quest for the Orb.
     0 | D:1      | Reached XP level 1. HP: 19/19 MP: 0/0
   284 | D:1      | Reached skill level 4 in Axes
   284 | D:1      | Reached XP level 2. HP: 20/27 MP: 1/1
   339 | D:1      | Slain by a goblin

Illustrated notes

Levels and vault maps discovered:
D:1:      nagdon_arrival_double_spiral, layout_rooms

Skill      XL: |  1 |
---------------+----+-----
Axes           | 4 |  4.1
Fighting       | |  3.9
Armour         | |  2.6
Dodging        | |  2.3

Action                     || total
---------------------------++-------
  Melee: Hand axe          ||    33
         Headbutt          ||     4
 Armour: Animal skin       ||    37
  Dodge: Dodged            ||    26
